 Dungeon Crawl Stone Soup version 0.29-a0-885-gb26ba3297d (webtiles) character file.

Game seed: 12422106069540283756

277 jimonade the Covert (level 6, -4/35 HPs)
             Began as a Vampire Brigand on July 21, 2022.
             Splashed by a jelly's acid (8 damage)
             ... on level 5 of the Dungeon.
             The game lasted 00:07:34 (2411 turns).

jimonade the Covert (Vampire Brigand)               Turns: 2411, Time: 00:07:35

Health: -4/35      AC: -1    Str: 16    XL:     6   Next: 4%
Magic:  8/8        EV: 16    Int: 14    God:
Gold:   167        SH:  0    Dex: 17    Spells: 8/8 levels left

rFire   + . .      SeeInvis +   a - +2 dagger (venom)
rCold   + + .      Faith    .   (no shield)
rNeg    + + +      Spirit   .   o - +2 leather armour {rF+}
rPois   ∞          Reflect  .   (no helmet)
rElec   .          Harm     .   c - +0 cloak
rCorr   .          Rampage  .   (no gloves)
Will    .....                   (no boots)
Stlth   ++++++....              (no amulet)
HPRegen 0.00/turn               f - +4 ring of evasion
MPRegen 0.11/turn               m - +6 ring of strength

@: corroded, bloodless, inhibited regen
A: bloodless, fangs 3, see invisible, vampiric 2
a: Bat Form, Revivify


You were on level 5 of the Dungeon.
You visited 1 branch of the dungeon, and saw 5 of its levels.

You collected 167 gold pieces.

Inventory:

Hand Weapons
 a - a +2 dagger of venom (weapon)
 b - a +0 sling
 i - a +1 short sword of draining
 n - a +2 dagger
 z - a +4 dire flail of protection
 B - a +0 bardiche of pain
Missiles
 d - 9 poisoned darts (quivered)
 e - 3 curare-tipped darts
Armour
 c - a +0 cloak (worn)
 h - a +0 chain mail
 o - a +2 leather armour of fire resistance (worn)
 s - a +0 robe
 x - the +1 ring mail "Ammuraf" {*Slow rPois Int+5}
   (You found it on level 3 of the Dungeon)

   Int:       It affects your intelligence (+5).
   rPois:     It protects you from poison.
   *Slow:     It may slow you when you take damage.
 y - a +0 cloak
 A - a +0 scale mail
Jewellery
 f - a +4 ring of evasion (left hand)
 m - a +6 ring of strength (right hand)
Wands
 t - a wand of polymorph (6)
 v - a wand of paralysis (10)
 w - a wand of iceblast (8)
Scrolls
 g - 2 scrolls of teleportation {unknown}
 k - a scroll of fog {unknown}
 l - 3 scrolls of identify {unknown}
 q - a scroll of immolation {unknown}
 u - a scroll of amnesia {unknown}
Potions
 j - 2 potions of haste {unknown}
 p - a potion of lignification {unknown}
 r - 2 potions of heal wounds {unknown}
 C - a potion of curing {unknown}


   Skills:
 + Level 2.1 Fighting
 + Level 3.0 Short Blades
 - Level 1.5 Throwing
 + Level 1.0 Armour
 + Level 2.3 Dodging
 + Level 8.6 Stealth
 * Level 1.5 Spellcasting
 * Level 2.3 Hexes


You had 8 spell levels left.
You didn't know any spells.
Your spell library contained the following spells:

 Spells                   Type           Power      Damage    Failure   Level
 Ensorcelled Hibernation  Hex/Ice        8%         N/A       28%         2
 Passwall                 Tmut/Erth      0%         N/A       43%         2
 Swiftness                Air            1%         N/A       67%         3


Dungeon Overview and Level Annotations

Branches:
Dungeon (6/15)
 Temple: D:4-7

Altars:

Shops:
D:5 *


Innate Abilities, Weirdness & Mutations

You do not regenerate when monsters are visible.
You are frail without blood (-20% HP).
You can heal yourself when you bite living creatures.
You are immune to poison.
You have razor-sharp teeth.
You have supernaturally acute eyesight. (SInv)
You are afflicted with vampirism and can become a bat while bloodless.


Message History

Things that are here:
a +4 dire flail of protection; a +0 scale mail
z - a +4 dire flail of protection;
A - a +0 scale mail You see here a +0 bardiche of pain.
B - a +0 bardiche of pain A hound comes into view.
You start resting.
HP restored.
C - a grey potion
Found a stone staircase leading down.
Found a stone staircase leading up.
There is a stone staircase leading up here.
You climb upwards.
Found a scroll labelled TOILYUMELO and a bubbling sapphire potion.
Found Eniun's General Store.
There is a stone staircase leading down here.
Found a wand of polymorph (12).
An orc comes into view. It is wielding a +0 hand axe.
Found a clear potion.
Found a book of Flames and a robe.
The orc shouts!
The jelly quivers.
The jelly misses you.
You hit the jelly.
Your hands burn!
The jelly is lightly wounded.
You hit the jelly.
Your hands burn!
The jelly is moderately wounded.
The jelly hits you but does no damage.
You hit the jelly.
The jelly is poisoned.
Your hands burn!
The jelly is heavily wounded.
The jelly hits you. The acid corrodes you!
You are splashed with acid!
You closely miss the orc. The orc barely misses you. The jelly hits you.
You are splashed with acid!
* * * LOW HITPOINT WARNING * * *
You hit the orc.
The orc is poisoned.
The orc is moderately wounded.
The orc closely misses you. The jelly hits you.
* * * LOW HITPOINT WARNING * * *
The acid corrodes you!
You are splashed with acid!
You die...

#### #####>.##
##.......##
##.........#
#....∩......#
##.?..........#
#..........!...#
#...@...........
#..Jo...........
#........../....
.................
............!...
.#..:......[...
#..........#..
#.........##.#


You could see a jelly (very poisoned) and an orc (very poisoned).

Vanquished Creatures
  Edmund (D:6)
  Ijyb (D:3)
  7 gnolls (D:3)
  A worm (D:2)
  6 bats
  9 endoplasms
  2 giant cockroaches
  3 goblins
  5 hobgoblins
  4 jackals (D:1)
  3 quokkas
  7 ball pythons
  4 frilled lizards
  8 kobolds
  4 rats
65 creatures vanquished.

Notes
Turn   | Place    | Note
-------+----------+-------------------------------------------
     0 | D:1      | jimonade the Vampire Brigand began the quest for the Orb.
     0 | D:1      | Reached XP level 1. HP: 16/16 MP: 1/1
    24 | D:1      | Reached skill level 6 in Stealth
   171 | D:1      | Reached XP level 2. HP: 17/22 MP: 2/2
   686 | D:1      | Reached skill level 7 in Stealth
   725 | D:1      | Gained mutation: You are afflicted with vampirism and can
                  | become a bat while bloodless. [Vampire growth]
   725 | D:1      | Reached XP level 3. HP: 27/27 MP: 3/3
  1676 | D:3      | Identified the +1 ring mail "Ammuraf" {*Slow rPois Int+5}
  1758 | D:3      | Noticed Ijyb
  1761 | D:3      | Reached XP level 4. HP: 26/26 MP: 4/4
  1762 | D:3      | Killed Ijyb
  1765 | D:3      | Reached skill level 1 in Hexes
  1882 | D:3      | Reached skill level 1 in Spellcasting
  1904 | D:3      | Reached XP level 5. HP: 18/30 MP: 6/6
  2029 | D:3      | Reached skill level 8 in Stealth
  2248 | D:3      | You fall into a shaft and drop 3 floors!
  2271 | D:6      | Noticed Edmund
  2277 | D:6      | Killed Edmund
  2278 | D:6      | Reached skill level 1 in Armour
  2278 | D:6      | Reached XP level 6. HP: 25/35 MP: 6/8
  2400 | D:5      | Entered Level 5 of the Dungeon
  2400 | D:5      | Found Eniun's General Store.
  2411 | D:5      | Splashed by a jelly's acid

Illustrated notes

Levels and vault maps discovered:
D:1:      onia_arrival_mini_maze_b, layout_rooms
D:2:      layout_basic, serial_bayou, serial_bayou_pond_e, serial_bayou_pond_b,
          serial_bayou_lagoon_a, serial_bayou_pond_b
D:3:      layout_loops_cross, uniq_crazy_yiuf_cottage, uniq_ijyb
D:5:      layout_cave_pods, mainiacjoe_overflow_brackets,
          dancing_weapons_uskayaw, serial_shops, shop
D:6:      layout_loops_cross, nemelex_dance_club_becter, temple_doors_e,
          serial_shops, nicolae_stop_n_shop_1, nrook_uturn, uniq_edmund

Skill      XL: |  1  2  3  4  5 |
---------------+----------------+-----
Stealth        | 6 7 8 |  8.6
Dodging        | 2 |  2.3
Fighting       | 2 |  2.1
Hexes          | 1 2 |  2.3
Spellcasting   | 1 |  1.5
Short Blades   | 3 |  3.0
Armour         | 1 |  1.0
Throwing       | |  1.5

Action                   |  1- 3 |  4- 6 || total
-------------------------+-------+-------++-------
Melee: Dagger            |    82 |    30 ||   112
       Bite              |     7 |     2 ||     9
       Short sword       |    57 |       ||    57
       Punch             |     1 |       ||     1
 Abil: Exsanguinate      |     1 |       ||     1
 Stab: Sleeping          |     9 |     9 ||    18
       Distracted        |     1 |       ||     1
Armor: Robe              |    20 |       ||    20
       Leather armour    |    12 |     3 ||    15
Dodge: Dodged            |   127 |    22 ||   149

Table legend: (Time is in decaauts)
 A = Elapsed time spent in this place.
 B = Non-inter-level travel time spent in this place.
 C = Inter-level travel time spent in this place.
 D = Time resting spent in this place.
 E = Time spent auto-exploring this place.
 F = Levels seen in this place.
 G = Mean time per level.
                   A        B        C        D        E       F      G
               +--------+--------+--------+--------+--------+-----+--------+
         Total |   2407 |   2363 |     44 |    460 |   1221 |   5 |  481.4 |
       Dungeon |   2407 |   2363 |     44 |    460 |   1221 |   5 |  481.4 |
               +--------+--------+--------+--------+--------+-----+--------+

Top non-repeatable levels by time:
     D:1: 854 daAuts
     D:2: 784 daAuts
     D:3: 607 daAuts
     D:6: 151 daAuts
     D:5: 10 daAuts
